Map: Central Protocol

Players

Grumm

  • Race: Terran Terran
  • League: Gold

ProMess - Winner!

  • Race: Protoss Protoss
  • League: Bronze

VOD

Have the link to the VOD?

Description

Time

  • Played on: Jan. 23, 2016, 1:40 a.m.
  • Length: 14:41
Show
View Real Time Build Order
Export as new Build Order

Grumm Terran 

Build Orders:  

Get SALT Encoding   

  12  0:01  SCV  
  13  0:13  SCV  
  14  0:20  Supply Depot  
  14  0:25  SCV  
  15  0:33  Refinery  
  15  0:41  SCV  
  16  0:47  Barracks  
  16  0:53  SCV  
  17  1:05  SCV  
  18  1:17  SCV  
  18  1:18  Refinery  
  19  1:30  SCV  
  20  1:37  Factory  
  20  1:43  Supply Depot  
  20  1:44  Orbital Command  
  20  1:45  Marine  
  21  2:05  Supply Depot  
  21  2:14  Factory  
  21  2:25  Widow Mine  
  23  2:31  Factory, SCV  
  24  2:39  Reaper  
  24  2:43  SCV  
  26  2:55  SCV  
  27  3:03  Factory Tech Lab  
  27  3:05  Factory Tech Lab  
  27  3:08  Supply Depot  
  27  3:09  SCV  
  28  3:15  Widow Mine  
  30  3:31  Widow Mine  
  32  3:36  Command Center  
  31  3:48  Armory  
  31  3:52  Supply Depot  
  31  3:54  SCV  
  32  4:06  SCV  
  33  4:25  Widow Mine x3  
  39  4:35  SCV  
  40  4:42  Refinery  
  40  4:52  Refinery  
  40  4:53  Widow Mine x3, Drilling Claws  
  46  5:04  Orbital Command  
  46  6:33  SCV x2  
  46  6:36  Widow Mine x3  
  50  6:45  SCV x2  
  48  6:56  Terran Vehicle Weapons Level 1  
  48  6:57  SCV  
  48  6:58  Armory  
  49  7:05  Hellbat, Thor x2  
  51  7:47  Thor  
  51  7:48  Hellion  
  58  7:54  SCV x2  
  52  8:06  SCV  
  52  8:10  Factory Tech Lab  
  53  8:18  SCV  
  54  8:20  Refinery  
  54  8:22  SCV  
  54  8:26  Thor  
  58  8:30  SCV, Thor  
  57  8:40  SCV  
  58  8:42  SCV  
  58  8:43  Marine  
  58  8:45  Thor  
  65  8:52  SCV  
  65  8:54  SCV  
  67  9:00  Marine  
  68  9:06  Bunker  
  68  9:17  Terran Vehicle And Ship Armor Level 1  
  68  9:18  Marine  
  69  9:36  Marine  
  70  9:50  Engineering Bay  
  70  10:20  Missile Turret  
  70  10:21  Building Armor  
  70  10:33  Marine, Thor  
  70  10:34  SCV x2, Thor  
  85  10:37  Supply Depot  
  85  10:51  Marine  
  84  10:58  Thor  
  90  11:09  Marine  
  91  11:12  Missile Turret  
  91  11:17  Supply Depot, Siege Tank  
  94  11:20  Terran Vehicle Weapons Level 2  
  94  11:36  Starport  
  94  11:38  Marine, Thor  
  94  11:39  Supply Depot x2  
  101  11:43  Supply Depot  
  101  11:52  Thor  
  101  11:53  Siege Tank  
  110  11:56  Marine  
  111  12:03  Supply Depot  
  111  12:05  Supply Depot  
  111  12:08  Terran Vehicle And Ship Armor Level 2  
  111  12:22  Siege Tank  
  114  12:25  Siege Tank  
  114  12:26  Mag-Field Accelerator  
  117  12:35  Cyclone  
  120  12:38  Hi-Sec Auto Tracking  
  120  12:54  Cyclone  
  58  13:39  Cyclone  
  58  13:40  Cyclone x2  
  67  13:56  Command Center  
  70  14:12  Marine  
Show
View Real Time Build Order
Export as new Build Order

ProMess Protoss - Winner!

Build Orders:  

Get SALT Encoding   

  12  0:02  Probe (Chrono Boost)  
  13  0:13  Probe (Chrono Boost)  
  14  0:19  Pylon  
  14  0:35  Probe (Chrono Boost)  
  15  0:43  Gateway  
  15  0:45  Probe (Chrono Boost)  
  16  0:50  Assimilator  
  16  0:56  Probe (Chrono Boost)  
  17  1:06  Probe (Chrono Boost)  
  17  1:11  Pylon  
  18  1:17  Probe (Chrono Boost)  
  19  1:27  Probe (Chrono Boost)  
  19  1:30  Assimilator  
  20  1:38  Cybernetics Core  
  20  1:44  Zealot  
  22  1:49  Probe (Chrono Boost)  
  23  1:59  Probe (Chrono Boost)  
  24  2:08  Forge  
  24  2:10  Gateway, Probe (Chrono Boost)  
  25  2:19  Warp Gate (Chrono Boost)  
  24  2:40  Robotics Facility  
  24  2:41  Adept  
  26  2:45  Pylon  
  26  3:01  Protoss Ground Armor Level 1 (Chrono Boost)  
  26  3:03  Pylon  
  26  3:18  Nexus  
  26  3:24  Stalker  
  28  3:28  Observer  
  29  3:39  Pylon  
  29  3:48  Probe  
  30  4:00  Probe  
  31  4:11  Gateway  
  31  4:13  Pylon, Gateway  
  31  4:21  Probe  
  32  4:33  Probe  
  32  4:37  Robotics Bay  
  33  4:42  Stalker  
  35  4:52  Probe  
  35  4:54  Probe  
  37  5:03  Probe  
  37  5:06  Probe  
  37  5:07  Stalker  
  41  5:11  Stalker  
  41  5:13  Probe  
  43  5:18  Probe  
  45  5:24  Probe  
  46  5:31  Probe  
  46  5:34  Probe  
  54  5:43  Probe  
  54  5:45  Probe  
  56  5:56  Probe  
  50  6:07  Observer (Chrono Boost)  
  50  6:11  Stalker x3  
  47  6:12  Stalker  
  46  6:41  Probe  
  46  6:42  Probe  
  48  6:52  Stalker x3, Probe  
  48  6:53  Stalker  
  57  6:55  Probe  
  58  7:02  Probe  
  58  7:07  Probe  
  60  7:13  Probe  
  61  7:16  Stalker x2  
  61  7:17  Stalker x2  
  61  7:19  Probe  
  68  7:23  Probe  
  69  7:33  Pylon  
  67  7:48  Colossus (Chrono Boost)  
  63  8:06  Stalker x4  
  65  8:31  Stalker x4  
  71  8:38  Probe  
  71  8:39  Probe  
  67  8:51  Probe  
  66  8:55  Stalker  
  66  8:56  Stalker x3  
  64  9:13  Probe  
  64  9:14  Probe  
  66  9:18  Assimilator  
  66  9:22  Assimilator  
  66  9:25  Pylon x2  
  66  9:26  Probe  
  67  9:32  Zealot  
  67  9:33  Zealot x3  
  67  9:37  Nexus  
  75  9:39  Protoss Ground Weapons Level 1 (Chrono Boost)  
  75  9:41  Pylon  
  75  9:43  Extended Thermal Lance  
  75  9:44  Pylon  
  75  10:00  Zealot x4  
  75  10:06  Observer  
  82  10:27  Immortal  
  86  10:30  Probe  
  86  10:32  Probe  
  88  10:40  Robotics Facility  
  88  10:41  Gateway x2  
  88  10:43  Gateway  
  88  10:44  Probe  
  88  10:45  Gateway  
  88  10:47  Zealot x4  
  88  10:48  Gateway  
  93  11:01  Probe  
  93  11:02  Probe  
  93  11:03  Probe  
  96  11:15  Probe x2  
  96  11:17  Probe  
  99  11:29  Probe, Immortal (Chrono Boost)  
  104  11:37  Immortal (Chrono Boost)  
  108  11:41  Protoss Shields Level 1  
  108  11:44  Twilight Council, Probe  
  108  11:45  Probe  
  108  11:46  Probe  
  111  11:47  Zealot x2  
  111  11:48  Zealot x2  
  119  12:02  Zealot x4  
  119  12:03  Zealot  
  129  12:16  Stalker x2  
  133  12:27  Pylon  
  133  12:29  Pylon  
  133  12:33  Assimilator  
  133  12:37  Assimilator  
  133  12:39  Charge  
  141  12:51  Immortal x2 (Chrono Boost)  
  141  12:54  Stalker x2  
  141  12:55  Stalker x2  
  96  13:15  Zealot x5  
  80  13:37  Zealot x5  
  80  13:38  Zealot x4  
  98  13:44  Immortal x2 (Chrono Boost)  
  102  14:32  Nexus  
  102  14:34  Pylon  
  102  14:37  Pylon  
  102  14:38  Zealot x4  
  106  14:39  Zealot x5  
  106  14:40  Pylon  
Tags
 
Add a new tag
Caveats
  • Supply blocks, unpowered buildings, or Contaminate may cause inaccurate times.
  • Supply counts are checked every 10 seconds.